 Dungeon Crawl Stone Soup version 0.27-a0-54-g64bdb92e38 (webtiles) character file.

Game seed: 2463192008320249398

3341 Forecaster the Magician (level 10, -10/75 HPs)
             Began as a Naga Hedge Wizard on Jan 6, 2021.
             Was a Priest of Fedhas.
             Killed from afar by Maggie (24 damage)
             ... with a bolt of fire
             ... on level 8 of the Dungeon on Jan 7, 2021.
             The game lasted 01:00:36 (10761 turns).

Forecaster the Magician (Naga Hedge Wizard)        Turns: 10761, Time: 01:00:36

Health: -10/75     AC: 15    Str: 12    XL:     10   Next: 2%
Magic:  8/21       EV: 11    Int: 16    God:    Fedhas [***...]
Gold:   461        SH:  0    Dex: 15    Spells: 19/24 levels left

rFire    . . .     SeeInvis +   L - +5 spear
rCold    . . .     Faith    .   (no shield)
rNeg     . . .     Spirit   .   b - +2 robe
rPois    +         Reflect  .   c - +2 hat
rElec    .         Harm     .   E - +2 cloak
rCorr    .         Rampage  .   (no gloves)
Will     +....                  (no barding)
Stlth    +++.......             (no amulet)
HPRegen  0.22/turn              i - +4 ring of slaying
MPRegen  0.17/turn              w - +4 ring of protection

@: attractive, mesmerised, very slow
A: large, stinger 1, see invisible, agile 1, deformed body, frail 1, poison
resistance, slowness 2, spit poison 1, AC +3
a: Spit Poison, Renounce Religion, Wall of Briars, Grow Ballistomycete


You were on level 8 of the Dungeon.
You worshipped Fedhas.
Fedhas was most pleased with you.
You visited 1 branch of the dungeon, and saw 8 of its levels.
You also visited: Ossuary.

You collected 461 gold pieces.

Inventory:

Hand Weapons
 a - a +0 dagger
 h - a +1 spear of venom
 n - a +5 scimitar of freezing
 q - a +1 morningstar of draining
 r - a +0 long sword
 v - a +0 short sword
 y - a +1 dagger of venom
 C - a +2 vampiric short sword
 D - a +2 quarterstaff of chaos
 F - a +5 battleaxe
 G - a +3 mace of freezing
 J - a +0 glaive
 L - a +5 spear (weapon)
 N - a +0 vorpal hunting sling
 P - a +2 whip of flaming
 S - a +3 long sword
Missiles
 O - 24 sling bullets
Armour
 b - a +2 robe (worn)
 c - a +2 hat (worn)
 s - the +1 robe of Calculation {rF+ rN+ Dex-5}
   (You found it on level 7 of the Dungeon)

   It affects your dexterity (-5).
   It protects you from fire.
   It protects you from negative energy.
 t - a -1 robe
 E - a +2 cloak (worn)
 Q - a +0 robe
Jewellery
 i - a +4 ring of slaying (left hand)
 w - a +4 ring of protection (right hand)
 z - the ring "Kyakoiku" {Will++ MP-9 Str+6 Dex-5 Stlth+}
   (You found it on level 4 of the Dungeon)

   [ring of strength]

   It affects your strength (+6).
   It affects your dexterity (-5).
   It affects your willpower, your defense against some magical effects.
   It affects your magic capacity (-9).
   It makes you more stealthy.
 U - an uncursed ring of willpower
 X - a cursed ring of attention
Wands
 A - a wand of acid (8)
 M - a wand of flame (12)
Scrolls
 j - 3 scrolls of fog
 k - 5 scrolls of identify
 l - 5 scrolls of teleportation
 m - 7 scrolls of remove curse
 o - 5 scrolls of fear
 p - 2 scrolls of magic mapping
 I - 2 scrolls of enchant armour
 R - a scroll of blinking
 T - a scroll of amnesia {unknown}
 W - a scroll of holy word {unknown}
Potions
 d - 2 potions of attraction
 e - a potion of magic
 f - 3 potions of resistance
 g - 5 potions of flight {unknown}
 u - 4 potions of mutation
 x - a potion of brilliance {unknown}
 B - a potion of invisibility {unknown}
 H - a potion of berserk rage {unknown}
 K - a potion of might {unknown}
 V - 2 potions of cancellation {unknown}


   Skills:
 + Level 3.2 Fighting
 + Level 5.7 Long Blades
 + Level 4.3 Polearms
 + Level 3.0 Dodging
 + Level 6.1 Stealth
 + Level 7.8 Spellcasting
 + Level 2.6 Conjurations
 + Level 5.5 Summonings
 + Level 1.0 Translocations


You had 19 spell levels left.
You knew the following spells:

 Your Spells              Type           Power        Failure   Level
a - Magic Dart            Conj           56%          3%          1
b - Call Imp              Summ           24%          1%          2
c - Blink                 Tloc           N/A          12%         2

Your spell library contained the following spells:

 Spells                   Type           Power        Failure   Level
 Slow                     Hex            6%           17%         2
 Conjure Flame            Conj/Fire      10%          21%         3
 Mephitic Cloud           Conj/Pois/Air  9%           24%         3


Dungeon Overview and Level Annotations

Branches:
Dungeon (8/15)             Temple (0/1) D:7         Ossuary (visited)
   Lair: D:8-11

Altars:
Cheibriados
Fedhas
Makhleb
Trog
Uskayaw
Vehumet
The Shining One

Shops:
D:8 [

Annotations:
D:8 Maggie


Innate Abilities, Weirdness & Mutations

You cannot wear boots.
Your serpentine skin is tough. (AC +3)
You have supernaturally acute eyesight. (SInv)
Armour fits poorly on your strangely shaped body.
Your system is resistant to poisons. (rPois)
You cover ground very slowly.
You can spit poison.
Your tail ends in a poisonous barb.
You are agile. (Dex +2)
You are frail. (-10% HP)


Message History

Maggie is almost dead.
Maggie gestures at you while chanting. The bolt of fire hits you!
* * * LOW HITPOINT WARNING * * *
The bolt of fire misses your crimson imp.
The bolt of fire hits your shadow imp!!
Your shadow imp dies!
It was a potion of mutation.
You feel extremely strange.
You feel agile.
You feel frail.
A poisonous barb forms on the end of your tail.
Maggie barely misses you.
It was a potion of attraction.
You feel attractive to monsters. Maggie hits you but does no damage.
You completely miss Maggie.
Maggie is almost dead.
Maggie points at you and mumbles some strange words.
The bolt of fire hits you!!
You die...
Fedhas appreciates your contribution to the ecosystem.

###########.#
#...........
#.........#
#.........#
#........##..
#.....e......
#.....○○.....
####@####.... #@# #
## #5# .. #.# . #.#
. #.# #.#
##.#######.#
#.......... #####
#......###..###....


You could see Maggie (mesmerising), a deep elf mage and a friendly crimson imp
(summoned).

Vanquished Creatures
  Pikel (D:7)
  Joseph (D:7)
  Duvessa (D:5)
  An ice beast (D:7)
  3 sky beasts (D:7)
  2 ogres
  2 centaurs
  An elf zombie (Ossuary)
  3 bullfrogs
  Dowan (D:5)
  A scorpion (D:4)
  10 wights
  2 bullfrog zombies
  Crazy Yiuf (D:5)
  An orc priest (D:7)
  A quasit (D:7)
  2 hounds
  4 orc wizards
  A bullfrog skeleton (D:7)
  Natasha (twice) (D:4)
  Ijyb (D:5)
  3 iguanas
  5 worker ants
  A statue (D:5)
  A hound skeleton (D:8)
  A mummy (D:8)
  Robin (D:4)
  3 gnolls
  7 adders
  2 shadow imps (D:5)
  An ufetubus (D:7)
  An ooze (D:5)
  An adder skeleton (D:4)
  4 worms (D:2)
  A dart slug (D:3)
  2 leopard geckos
  10 orcs
  9 giant cockroaches
  3 hobgoblins
  2 jackals (D:6)
  5 quokkas
  4 bats
  4 frilled lizards
  6 goblins
  2 goblin zombies
  5 hobgoblin zombies (Ossuary)
  3 jackal zombies (Ossuary)
  4 kobolds
  11 kobold zombies
  2 leopard gecko skeletons
  6 orc zombies (Ossuary)
  5 rats
157 creatures vanquished.

Vanquished Creatures (collateral kills)
  Menkaure (D:7)
  A bullfrog (D:7)
  2 wights
  2 howler monkeys
  A hound (D:4)
  A jelly (D:8)
  A human zombie (Ossuary)
  An orc priest (D:4)
  An orc wizard (D:7)
  3 worker ants
  2 mummies (Ossuary)
  3 gnolls
  An adder (D:4)
  A worm (D:4)
  A dart slug (D:4)
  5 orcs
  7 goblins
  3 hobgoblins (D:4)
  2 kobolds
  A bat (D:3)
  4 hobgoblin zombies (Ossuary)
  2 jackal zombies (Ossuary)
  3 kobold zombies (Ossuary)
49 creatures vanquished.

Grand Total: 206 creatures vanquished

Notes
Turn   | Place    | Note
-------+----------+-------------------------------------------
     0 | D:1      | Forecaster the Naga Hedge Wizard began the quest for the
                  | Orb.
     0 | D:1      | Reached XP level 1. HP: 15/15 MP: 4/4
   514 | D:1      | Reached XP level 2. HP: 22/22 MP: 0/6
   598 | D:1      | Learned a level 2 spell: Call Imp
   601 | D:1      | Learned a level 2 spell: Blink
  1127 | D:2      | Reached XP level 3. HP: 10/28 MP: 2/8
  1906 | D:2      | Found a burning altar of Makhleb.
  1911 | D:2      | Reached skill level 4 in Spellcasting
  1911 | D:2      | Reached XP level 4. HP: 28/37 MP: 10/10
  1915 | D:2      | Reached skill level 1 in Polearms
  2691 | D:3      | Reached XP level 5. HP: 9/43 MP: 5/11
  3695 | D:3      | Reached skill level 1 in Fighting
  4149 | D:4      | Reached XP level 6. HP: 51/51 MP: 4/12
  4628 | D:4      | Reached XP level 7. HP: 54/57 MP: 10/14
  4668 | D:4      | Noticed Natasha
  4777 | D:4      | Killed Natasha
  4781 | D:4      | Noticed Robin
  4797 | D:4      | Killed Robin
  4834 | D:4      | Reached skill level 5 in Spellcasting
  4866 | D:4      | Got a slimy turquoise ring
  4960 | D:4      | Noticed Natasha
  4986 | D:4      | Killed Natasha
  5190 | D:5      | Entered Level 5 of the Dungeon
  5206 | D:5      | Noticed Ijyb
  5213 | D:5      | Killed Ijyb
  5509 | D:5      | Found a blossoming altar of Fedhas.
  5515 | D:5      | Became a worshipper of Fedhas Madash
  5613 | D:5      | Found a radiant altar of Vehumet.
  5903 | D:5      | Found a bloodstained altar of Trog.
  5936 | D:5      | Found a snail-covered altar of Cheibriados.
  6092 | D:5      | Noticed Duvessa
  6092 | D:5      | Noticed Dowan
  6222 | D:5      | Killed Duvessa
  6235 | D:5      | Killed Dowan
  6419 | D:5      | Found a runed translucent door.
  6420 | D:5      | Noticed Crazy Yiuf
  6438 | D:5      | Killed Crazy Yiuf
  7002 | D:6      | Reached XP level 8. HP: 58/64 MP: 9/16
  7076 | D:6      | HP: 1/57 [wight/+5 scimitar of freezing (2)]
  7392 | D:6      | Identified the ring "Kyakoiku" {Will++ MP-9 Str+6 Dex-5
                  | Stlth+} (You found it on level 4 of the Dungeon)
  7477 | D:6      | Reached skill level 6 in Spellcasting
  7919 | D:6      | Reached skill level 1 in Long Blades
  8251 | D:7      | Noticed Menkaure
  8263 | D:7      | Killed Menkaure
  8270 | D:7      | Got a sheer robe
  8277 | D:7      | Identified the +1 robe of Calculation {rF+ rN+ Dex-5} (You
                  | found it on level 7 of the Dungeon)
  8562 | D:7      | Found a staircase to the Ecumenical Temple.
  8653 | D:7      | Reached * piety under Fedhas
  8659 | D:7      | Reached skill level 5 in Stealth
  8706 | D:7      | Reached XP level 9. HP: 54/73 MP: 17/19
  8929 | D:7      | Noticed Joseph
  8946 | D:7      | Killed Joseph
  8947 | D:7      | Reached skill level 5 in Summonings
  9077 | D:7      | Noticed Pikel
  9086 | D:7      | Killed Pikel
  9087 | D:7      | Reached skill level 5 in Long Blades
  9087 | D:7      | Reached skill level 7 in Spellcasting
 10047 | D:7      | Upgraded the game from 0.27-a0-46-g34d46f0a3f to
                  | 0.27-a0-54-g64bdb92e38
 10078 | D:8      | Found Lageer Weam's Armour Emporium.
 10097 | D:8      | Found a sand-covered staircase.
 10102 | D:8      | Reached ** piety under Fedhas
 10107 | Ossuary  | Entered an ossuary
 10255 | Ossuary  | Reached XP level 10. HP: 54/84 MP: 14/21
 10361 | D:8      | Reached *** piety under Fedhas
 10608 | D:8      | Found a glowing golden altar of the Shining One.
 10609 | D:8      | Found a hide-covered altar of Uskayaw.
 10713 | D:8      | Noticed Maggie
 10721 | D:8      | Noticed a deep elf mage
 10759 | D:8      | Gained mutation: You are agile. (Dex +2) [potion of
                  | mutation]
 10759 | D:8      | Gained mutation: You are frail. (-10% HP) [potion of
                  | mutation]
 10759 | D:8      | Gained mutation: Your tail ends in a poisonous barb.
                  | [potion of mutation]
 10761 | D:8      | Killed from afar by Maggie

Illustrated notes

Levels and vault maps discovered:
D:1:      saegor_arrival_simple_d, layout_loops_ring
D:2:      layout_loops_ring, makhleb_blood_cavern_becter
D:3:      layout_basic
D:4:      layout_loops_ring, uniq_robin, uniq_natasha
D:5:      layout_loops_cross, old_standard_altar, vehumet_statue, bloody_trog,
          lemuel_coloured_pillars_altar, uniq_crazy_yiuf_cottage, uniq_duvessa,
          uniq_ijyb
D:6:      layout_basic
D:7:      layout_loops_ring, temple_fountains, minmay_misc_feat_rows,
          uniq_joseph, uniq_menkaure, uniq_pikel
D:8:      layout_rooms, gammafunk_temple_overflow_pools, serial_shops, shop,
          nicolae_ossuary_entry_giza, grunt_ministairs_8, uniq_maggie

Skill      XL: |  1  2  3  4  5  6  7  8  9 |
---------------+----------------------------+-----
Spellcasting   | 4 5 6 7 |  7.8
Polearms       | 1 2 3 4 |  4.3
Fighting       | 1 2 3 |  3.2
Stealth        | 4 5 6 |  6.1
Dodging        | 2 3 |  3.0
Summonings     | 2 3 4 5 |  5.5
Conjurations   | 2 |  2.6
Long Blades    | 3 5 |  5.7
Translocations | |  1.0

Action                   |  1- 3 |  4- 6 |  7- 9 | 10-12 || total
-------------------------+-------+-------+-------+-------++-------
Melee: Dagger            |     6 |       |       |       ||     6
       Spear             |    29 |    79 |   205 |    34 ||   347
       Scimitar          |       |       |    74 |       ||    74
 Cast: Magic Dart        |    39 |    44 |    75 |     8 ||   166
       Call Imp          |     3 |    33 |    99 |    13 ||   148
  Use: Potion            |       |     3 |     3 |     2 ||     8
       Scroll            |       |     1 |    15 |     2 ||    18
 Stab: Sleeping          |     2 |     4 |     7 |       ||    13
       Distracted        |       |     1 |     1 |       ||     2
Armor: Robe              |     2 |    19 |    75 |    11 ||   107
Dodge: Dodged            |    16 |    43 |   137 |    13 ||   209
       Rpst.: Scimitar   |       |       |    13 |       ||    13

Table legend: (Time is in decaauts)
 A = Elapsed time spent in this place.
 B = Non-inter-level travel time spent in this place.
 C = Inter-level travel time spent in this place.
 D = Time resting spent in this place.
 E = Time spent auto-exploring this place.
 F = Levels seen in this place.
 G = Mean time per level.
                   A        B        C        D        E       F      G
               +--------+--------+--------+--------+--------+-----+--------+
         Total |  12624 |  12294 |    330 |    985 |   7943 |   9 | 1402.7 |
       Dungeon |  12332 |  12002 |    330 |    985 |   7943 |   8 | 1541.5 |
       Ossuary |    292 |    292 |      0 |      0 |      0 |   1 |  292.0 |
               +--------+--------+--------+--------+--------+-----+--------+

Top non-repeatable levels by time:
     D:7: 2206 daAuts
     D:5: 2034 daAuts
     D:2: 1864 daAuts
     D:4: 1603 daAuts
     D:6: 1446 daAuts
     D:3: 1398 daAuts
     D:1: 1211 daAuts
     D:8: 568 daAuts
 Ossuary: 292 daAuts
